 Dungeon Crawl Stone Soup version 0.32-a0-834-geaf45d8e21 (webtiles) character file.

Game seed: 12412384323893225670

977 pokeman the Thaumaturge (level 7, -1/38 HPs)
             Began as a Deep Elf Hedge Wizard on Mar 25, 2024.
             Was a Follower of Vehumet.
             Killed from afar by an electric eel (14 damage)
             ... with a bolt of electricity
             ... on level 6 of the Dungeon.
             The game lasted 00:08:56 (5813 turns).

pokeman the Thaumaturge (Deep Elf Hedge Wizard)     Turns: 5813, Time: 00:08:57

Health: -1/38      AC:  3    Str:  7    XL:     7   Next: 95%
Magic:  21/30      EV: 12    Int: 21    God:    Vehumet [*.....]
Gold:   203        SH:  5    Dex: 14    Spells: 11/23 levels left

rFire   + . .        r - staff "Oddeuwoe" {rF+ MP+9 Conj}
rCold   . . .        (no shield)
rNeg    . . .        b - +0 robe
rPois   .            c - +0 hat
rElec   .            y - +0 cloak
rCorr   .            (no gloves)
SInv    .            (no boots)
Will    .....        t - amulet of reflection
Stlth   ++           J - ring of flight
HPRegen 0.26/turn    (no ring)
MPRegen 0.22/turn

%: reflection
@: flying, very slightly contaminated
A: no striking features
a: Renounce Religion


You were on level 6 of the Dungeon.
You worshipped Vehumet.
Vehumet was aware of your devotion.
You visited 1 branch of the dungeon, and saw 6 of its levels.

You collected 231 gold pieces.
You spent 28 gold pieces at shops.

Inventory:

Hand Weapons
 f - a +1 whip of venom
 x - a +4 quarterstaff of chaos
Armour
 b - a +0 robe (worn)
 c - a +0 hat (worn)
 y - a +0 cloak (worn)
 A - a +0 buckler
Magical Staves
 r - the staff "Oddeuwoe" (weapon) {rF+ MP+9 Conj}
   (You found it on level 3 of the Dungeon)

   [staff of conjuration]

   Base accuracy: +5 Base damage: 5 Base attack delay: 1.2 This weapon's minimum
   attack delay (0.6) is reached at skill level 12.
   rF+:       It protects you from fire.
   MP+9:      It affects your magic capacity (+9).
   Conj:      It increases the power of your Conjurations spells.
   It falls into the 'Staves' category.
   It is a one-handed weapon.
 B - a staff of fire
Jewellery
 t - an amulet of reflection (around neck)
 J - a ring of flight (left hand)
Wands
 m - a wand of charming (9)
 o - a wand of flame (37)
 G - a wand of polymorph (7)
 K - a wand of mindburst (13)
Scrolls
 e - 3 scrolls of summoning {unknown}
 h - a scroll of revelation {unknown}
 i - 5 scrolls of enchant armour {unknown}
 k - 3 scrolls of vulnerability {unknown}
 n - 4 scrolls of identify {unknown}
 p - a scroll of enchant weapon {unknown}
 q - a scroll of fog {unknown}
 u - a scroll of amnesia {unknown}
 v - a scroll of acquirement {unknown}
 z - a scroll of fear {unknown}
 D - 2 scrolls of immolation {unknown}
 F - 3 scrolls of poison {unknown}
 H - a scroll of blinking {unknown}
Potions
 a - 4 potions of curing {unknown}
 d - 2 potions of magic
 g - 5 potions of mutation {unknown}
 j - a potion of lignification {unknown}
 l - a potion of attraction {unknown}
 s - a potion of haste {unknown}
 w - a potion of resistance {unknown}
 C - a potion of brilliance {unknown}
 E - 2 potions of heal wounds {unknown}
 I - a potion of cancellation {unknown}


   Skills:
 - Level 1.0 Fighting
 + Level 1.0 Armour
 - Level 3.0 Dodging
 - Level 3.0 Stealth
 - Level 2.0 Shields
 * Level 8.7 Spellcasting
 + Level 4.4 Conjurations
 - Level 1.1 Summonings
 + Level 3.1 Necromancy
 - Level 1.1 Translocations
 - Level 1.0 Fire Magic
 - Level 1.2 Air Magic
 - Level 1.2 Alchemy
 - Level 1.0 Evocations


You had 11 spell levels left.
You knew the following spells:

 Your Spells              Type           Power      Damage    Failure   Level
a - Magic Dart            Conj           100%       1d8       1%          1
b - Mephitic Cloud        Conj/Alch/Air  28%        N/A       9%          3
c - Call Imp              Summ           26%        N/A       7%          2
d - Blink                 Tloc           26%        N/A       7%          2
e - Dispel Undead         Necr           22%        3d12      21%         4

Your spell library contained the following spells:

 Spells                   Type           Power      Damage    Failure   Level
 Shock                    Conj/Air       100%       1d9       2%          1
 Kiss of Death            Conj/Necr      100%       2d13      1%          1
 Cigotuvi's Dreadful Rot  Necr/Alch/Air  34%        N/A       5%          2
 Slow                     Hex            36%        N/A       8%          1
 Call Canine Familiar     Summ           13%        N/A       14%         3
 Confusing Touch          Hex            9%         N/A       22%         3
 Sigil of Binding         Hex            9%         N/A       22%         3
 Dimensional Bullseye     Hex/Tloc       5%         N/A       52%         4


Dungeon Overview and Level Annotations

Branches:
Dungeon (6/15)             Temple (0/1) D:5

Altars:
Makhleb
Okawaru
Vehumet

Shops:
D:2 =   D:5 *

Annotations:
D:4 3 runed translucent doors, tweeg707's ghost, amateur CoAr


Message History

The electric eel appears confused.
The electric eel dives back into the water!
Casting: Magic Dart (safe; 1% risk of failure)
Confirm with . or Enter, or press ? or * to list all spells.
Aiming: Magic Dart (safe; 1% risk of failure)
Press: ? - help, Shift-Dir - straight line, f/p - electric eel
Aim: an electric eel (water, heavily wounded, confused, 100% to hit)
You feel a surge of power!
The magic dart hits the electric eel.
The electric eel is severely wounded.
The electric eel flops around on dry land!
Unknown command.
Casting: Magic Dart (safe; 1% risk of failure)
Confirm with . or Enter, or press ? or * to list all spells.
Aiming: Magic Dart (safe; 1% risk of failure)
Press: ? - help, Shift-Dir - straight line, f/p - electric eel
Aim: an electric eel (severely wounded, confused, 100% to hit)
You feel a surge of power!
The magic dart hits the electric eel but does no damage.
The electric eel is severely wounded.
Unknown command.
Casting: Magic Dart (safe; 1% risk of failure)
Confirm with . or Enter, or press ? or * to list all spells.
Aiming: Magic Dart (safe; 1% risk of failure)
Press: ? - help, Shift-Dir - straight line, f/p - electric eel
Aim: an electric eel (almost dead, confused, 100% to hit)
You feel a surge of power!
The magic dart hits the electric eel.
You kill the electric eel!
Vehumet accepts your kill.
Unknown command.
Casting: Magic Dart (safe; 1% risk of failure)
Confirm with . or Enter, or press ? or * to list all spells.
Aiming: Mephitic Cloud (dangerous; 9% risk of failure)
Press: ? - help, Shift-Dir - straight line, f - electric eel
Aim: an electric eel (water, chance to affect: 86%)
You feel a surge of power!
You miscast Mephitic Cloud.
You are very lightly contaminated with residual magic.
Sparks of electricity dance around you.
The electric eel shoots out a bolt of lightning at you!
The bolt of electricity hits you!
You die...

#≈..ß :ß$ ß..≈###.....#
#≈... .!. ...≈# ##...##
#≈...♣♣.♣♣...≈# ##...#
#≈S....ß....≈≈###....###
#≈≈≈.......≈≈S#.........
#≈≈≈≈§○§..≈≈≈≈#.........
#≈≈≈≈≈§§S≈≈≈≈≈#.##..##..
######†#######....####.
#@............# ##
###########...# #...#
##..## #...# ##).# ####


You could see an electric eel.

Vanquished Creatures
  Menkaure (D:6)
  A centaur (D:6)
  A phantom (D:6)
  A kobold brigand (D:6)
  A bullfrog (D:6)
  2 scorpions
  An electric eel (D:6)
  A howler monkey (D:6)
  2 hounds (D:6)
  A jelly (D:5)
  Ijyb (D:3)
  An iguana (D:6)
  Crazy Yiuf (D:3)
  5 adders
  2 dart slugs
  A ribbon worm (D:3)
  19 orcs
  7 endoplasms
  2 giant cockroaches
  5 goblins
  8 hobgoblins
  10 kobolds
  2 quokkas
  5 ball pythons
  A bat (D:3)
  2 frilled lizards (D:2)
  7 rats
91 creatures vanquished.

Vanquished Creatures (collateral kills)
  A sky beast (D:6)
  A shadow imp (D:6)
2 creatures vanquished.

Grand Total: 93 creatures vanquished

Notes
Turn   | Place    | Note
-------+----------+-------------------------------------------
     0 | D:1      | pokeman the Deep Elf Hedge Wizard began the quest for the
                  | Orb.
     0 | D:1      | Reached XP level 1. HP: 10/10 MP: 7/7
   373 | D:1      | Reached XP level 2. HP: 16/16 MP: 6/9
  1149 | D:1      | Reached skill level 5 in Spellcasting
  1207 | D:2      | Reached XP level 3. HP: 20/20 MP: 5/11
  1211 | D:2      | Learned a level 3 spell: Mephitic Cloud
  1214 | D:2      | Learned a level 2 spell: Call Imp
  1217 | D:2      | Learned a level 2 spell: Blink
  1254 | D:2      | Found a burning altar of Makhleb.
  1278 | D:2      | Found a faded altar of an unknown god.
  1573 | D:2      | Found Jesiel's Jewellery Boutique.
  2264 | D:3      | Reached skill level 1 in Fighting
  2269 | D:3      | Reached skill level 1 in Armour
  2366 | D:3      | Noticed Ijyb
  2380 | D:3      | Killed Ijyb
  2381 | D:3      | Reached XP level 4. HP: 20/25 MP: 9/13
  2548 | D:3      | Identified the staff "Oddeuwoe" {rF+ MP+9 Conj}
  2728 | D:3      | Found a runed translucent door.
  2729 | D:3      | Noticed Crazy Yiuf
  3365 | D:3      | Killed Crazy Yiuf
  3366 | D:3      | Reached skill level 6 in Spellcasting
  3502 | D:4      | Reached XP level 5. HP: 29/29 MP: 15/15
  3567 | D:4      | Found a runed translucent gate.
  3571 | D:4      | Noticed tweeg707's ghost (amateur CoAr)
  3580 | D:4      | Found a runed translucent gate.
  3581 | D:4      | Found a runed translucent gate.
  3762 | D:4      | Found a radiant altar of Vehumet.
  3777 | D:4      | Became a worshipper of Vehumet
  4310 | D:5      | Entered Level 5 of the Dungeon
  4364 | D:5      | Reached skill level 1 in Fire Magic
  4371 | D:5      | Reached skill level 1 in Evocations
  4447 | D:5      | Reached skill level 1 in Air Magic
  4447 | D:5      | Reached skill level 1 in Alchemy
  4447 | D:5      | Reached XP level 6. HP: 12/34 MP: 15/17
  4602 | D:5      | Learned a level 4 spell: Dispel Undead
  4690 | D:5      | Found a staircase to the Ecumenical Temple.
  4714 | D:5      | Found Cotihuli's Assorted Antiques.
  4721 | D:5      | Bought a scroll labelled YHUNAOSAAT for 28 gold pieces
  4883 | D:5      | Found an iron altar of Okawaru.
  4971 | D:6      | Noticed a sky beast
  4986 | D:6      | Killed a sky beast
  4987 | D:6      | Reached skill level 7 in Spellcasting
  4987 | D:6      | Reached skill level 1 in Necromancy
  4991 | D:6      | Reached * piety under Vehumet
  4991 | D:6      | Offered knowledge of Shock by Vehumet.
  4995 | D:6      | Reached skill level 1 in Shields
  5017 | D:6      | Reached XP level 7. HP: 35/38 MP: 3/19
  5451 | D:6      | Reached skill level 8 in Spellcasting
  5689 | D:6      | Noticed Menkaure
  5722 | D:6      | Killed Menkaure
  5813 | D:6      | Killed from afar by an electric eel

Illustrated notes

Levels and vault maps discovered:
D:1:      dpeg_arrival_rooms_with_view, layout_basic
D:2:      layout_basic, shapermc_ecumenical_altar_flowoftime, serial_shops,
          nicolae_square_shop, basic_altar, serial_forest,
          infiniplex_forest_straight_1, infiniplex_forest_clump_cross,
          infiniplex_forest_clump_medium, infiniplex_forest_straight_1,
          infiniplex_forest_lined_room_3, infiniplex_forest_fountain,
          infiniplex_forest_corner_1, infiniplex_forest_end_2,
          reono_crystal_passage, grunt_decor_fettered
D:3:      layout_basic, uniq_ijyb, uniq_crazy_yiuf_cottage
D:4:      layout_basic, vehumet_altar_wand_db, gammafunk_ghost_split
D:5:      layout_gridville, okawaru_altar_gauntlet_db,
          minmay_temple_entry_large_hall, serial_shops, shop
D:6:      layout_cave_pools, kennysheep_generic_room_2, uniq_menkaure

Skill      XL: |  1  2  3  4  5  6  7 |
---------------+----------------------+-----
Spellcasting   | 5 6 7 8 |  8.7
Fighting       | 1 |  1.0
Armour         | 1 |  1.0
Conjurations   | 2 3 4 |  4.4
Stealth        | 3 |  3.0
Dodging        | 3 |  3.0
Fire Magic     | 1 |  1.0
Evocations     | 1 |  1.0
Air Magic      | 1 |  1.2
Alchemy        | 1 |  1.2
Necromancy     | 1 3 |  3.1
Shields        | 1 2 |  2.0
Summonings     | |  1.1
Translocations | |  1.1

Action                     |  1- 3 |  4- 6 |  7- 9 || total
---------------------------+-------+-------+-------++-------
  Melee: Whip              |    51 |     8 |       ||    59
         Staff             |       |       |     4 ||     4
   Cast: Magic Dart        |    71 |   126 |    61 ||   258
         Mephitic Cloud    |     1 |     6 |     3 ||    10
         Blink             |       |     1 |       ||     1
         Call Imp          |       |     1 |     1 ||     2
   Stab: Confused          |     1 |     1 |     1 ||     3
 Armour: Robe              |     7 |    23 |    20 ||    50
  Dodge: Dodged            |    12 |    20 |    10 ||    42
  Block: Other             |       |       |     3 ||     3
         Reflection        |       |       |     1 ||     1

Table legend: (Time is in decaauts)
 A = Elapsed time spent in this place.
 B = Non-inter-level travel time spent in this place.
 C = Inter-level travel time spent in this place.
 D = Time resting spent in this place.
 E = Time spent auto-exploring this place.
 F = Levels seen in this place.
 G = Mean time per level.
                   A        B        C        D        E       F      G
               +--------+--------+--------+--------+--------+-----+--------+
         Total |   5818 |   5693 |    125 |      6 |   5026 |   6 |  969.7 |
       Dungeon |   5818 |   5693 |    125 |      6 |   5026 |   6 |  969.7 |
               +--------+--------+--------+--------+--------+-----+--------+

Top non-repeatable levels by time:
     D:3: 1215 daAuts
     D:1: 1197 daAuts
     D:2: 1045 daAuts
     D:6: 901 daAuts
     D:4: 855 daAuts
     D:5: 603 daAuts
